 Dungeon Crawl Stone Soup version 0.21-a0-529-g8c7b3f5 (webtiles) character file.

37717 kae the Brawler (level 13, -1/146 HPs)
             Began as a Troll Monk on Dec 10, 2017.
             Was a High Priest of Wu Jian.
             Slain by Snorg (8 damage)
             ... on level 5 of the Lair of Beasts.
             The game lasted 00:20:27 (13919 turns).

kae the Brawler (Troll Monk)                       Turns: 13919, Time: 00:20:28

Health: -1/146     AC: 14    Str: 26    XL:     13   Next: 59%
Magic:  12/12      EV: 16    Int:  6    God:    Wu Jian [*****.]
Gold:   1432       SH:  3    Dex: 16    Spells: 12/12 levels left

rFire    x . .     SeeInvis .     - Unarmed
rCold    + + .     Gourm    +   (no shield)
rNeg     . . .     Faith    .   z - +1 ice dragon scales
rPois    +         Spirit   .   (helmet restricted)
rElec    .         Reflect  +   (no cloak)
rCorr    .         Harm     .   (gloves unavailable)
MR       .....                  (boots unavailable)
Stlth    ..........             A - +3 amulet of reflection
HPRegen  0.74/turn              u - ring of poison resistance
MPRegen  0.13/turn              D - ring "Sobrotse" {EV+2 Str+4}

@: very slightly contaminated, hasted, very quick
A: large, unfitting armour, claws 3, fast metabolism 3, gourmand, regeneration
1, robust 1, screaming 1, shaggy fur 1, tough skin 2
a: Serpent's Lash, Heavenly Storm, Renounce Religion


You were on level 5 of the Lair of Beasts.
You worshipped Wu Jian.
Wu Jian was extremely pleased with you.
You were full.

You visited 3 branches of the dungeon, and saw 16 of its levels.
You also visited: Sewer and Ice Cave.

You collected 1432 gold pieces.

Inventory:

Armour
 z - +1 ice dragon scales (worn)
 B - +0 steam dragon scales
Jewellery
 c - a +4 ring of dexterity
 n - an uncursed ring of magical power
 q - an uncursed ring of flight
 u - a ring of poison resistance (left claw)
 x - an uncursed ring of wizardry {unknown}
 A - a +3 amulet of reflection (around neck)
 C - an uncursed ring of protection from magic
 D - the ring "Sobrotse" (right claw) {EV+2 Str+4}
   (You acquired it on level 2 of the Lair of Beasts)

   [ring of evasion]

   It affects your evasion (+2).
   It affects your strength (+4).
 E - an uncursed amulet of rage
 F - an uncursed ring of positive energy
 J - an uncursed ring of stealth {unknown}
Wands
 a - a wand of flame (57)
 p - a wand of random effects (51)
 O - a wand of disintegration (18)
 P - a wand of paralysis (16)
 Q - a wand of digging (10)
Scrolls
 o - 3 scrolls of remove curse
 t - a scroll of enchant weapon
 y - 7 scrolls of identify
 I - a scroll of enchant armour
 M - a scroll of amnesia
 N - a scroll of fear
 R - a scroll of magic mapping
Potions
 d - 7 potions of curing
 e - a potion of invisibility
 i - a potion of cancellation
 j - 3 potions of heal wounds
 k - a potion of ambrosia
 m - a potion of lignification
 s - a potion of flight
 v - 2 potions of magic
 H - a potion of haste
 K - a potion of brilliance {unknown}
Books
 l - a Young Poisoner's Handbook

   Spells                             Type                      Level
   a - Sting                          Conjuration/Poison           1
   b - Poisonous Vapours              Poison/Air                   2
   c - Mephitic Cloud                 Conjuration/Poison/Air       3
   d - Olgreb's Toxic Radiance        Poison                       4
   e - Venom Bolt                     Conjuration/Poison           5
 r - a Necronomicon

   Spells                             Type                      Level
   a - Haunt                          Necromancy/Summoning         7
   b - Borgnjor's Revivification      Necromancy                   8
   c - Death's Door                   Charms/Necromancy            8
   d - Infestation                    Necromancy                   8
   e - Necromutation                  Transmutation/Necromancy     8
 w - a book of Debilitation

   Spells                             Type                      Level
   a - Corona                         Hexes                        1
   b - Slow                           Hexes                        2
   c - Inner Flame                    Hexes/Fire                   3
   d - Portal Projectile              Hexes/Translocation          3
   e - Cause Fear                     Hexes                        4
   f - Leda's Liquefaction            Hexes/Earth                  4
 L - a book of Battle

   Spells                             Type                      Level
   a - Infusion                       Charms                       1
   b - Shroud of Golubria             Charms/Translocation         2
   c - Song of Slaying                Charms                       2
   d - Spectral Weapon                Hexes/Charms                 3
   e - Regeneration                   Charms/Necromancy            3
Comestibles
 b - 10 bread rations
 f - 6 meat rations
 g - 15 royal jellies
 h - 17 fruits


   Skills:
 + Level 10.2 Fighting
 + Level 3.8 Armour
 + Level 10.2 Dodging
 - Level 1.0 Stealth
 * Level 15.9 Unarmed Combat


You had 12 spell levels left.
You didn't know any spells.

Dungeon Overview and Level Annotations

Branches:
Dungeon (9/15)             Temple (1/1) D:4            Lair (6/6) D:9
 Shoals (0/4) Lair:4        Snake (0/4) Lair:3        Slime (0/5) Lair:5
    Orc (0/2) D:9

Altars:
Ashenzari
Cheibriados
Dithmenos
Elyvilon
Fedhas
Gozag
Hepliaklqana
Kikubaaqudgha
Makhleb
Nemelex Xobeh
Okawaru
Qazlal
Ru
Sif Muna
Trog
Uskayaw
Vehumet
Wu Jian
Xom
Yredelemnul
Zin
The Shining One
Jiyva

Annotations:
Lair:2 exclusion: oklob plant
Lair:5 Snorg


Innate Abilities, Weirdness & Mutations

You are too large for most types of armour.
You have claws for hands.
Your metabolism is lightning-fast.
You like to eat raw meat.
Your natural rate of healing is unusually fast.
You are covered in fur. (AC +1)
You have very tough skin. (AC +2)
You are robust. (+10% HP)
You occasionally shout uncontrollably at your foes.


Message History

The death yak gores you!!
* * * LOW HITPOINT WARNING * * *
Blink to where?
Press: ? - help, Dir - move target cursor
Okay, then.
Unknown command.
Okay, then.
You spin and attack the death yak.
You claw the death yak!
The death yak is severely wounded.
You block the death yak's attack. Snorg closely misses you. Snorg claws you.
* * * LOW HITPOINT WARNING * * *
Snorg closely misses you.
Blink to where?
Press: ? - help, Dir - move target cursor You are very lightly contaminated with residual magic.
As you read the scroll of blinking, it crumbles to dust.
You hear a shout!
You feel yourself speed up.
Snorg is no longer berserk.
Snorg bites you!
You die...

##..##.#..............#P..###.#..
...............(........P........
....P..##.......##P.###...P..P.#.
...####..##..#.###### #....##..##
...###..##...###.#..####...##...#
...##...###..###......##....#...#
...##...P##..........##....#....#
.........#...........#.....#....#
................@T...##...#.#....
...#.#..##...#.####P......#####.#
....##.####...##..##..#P....# #.#
....#..#..#..#..#...##......####.
.................................
.................................
..........(...............[......
...............(.................
........................Y...P..+.


You could see Snorg.

Vanquished Creatures
  Josephine (Lair:4)
  2 ice dragons (IceCv)
  Fannar (Lair:2)
  7 hydras
  A catoblepas (Lair:2)
  A two-headed ogre (D:8)
  3 death yaks
  An oklob plant (Lair:4)
  4 elephants (Lair:5)
  4 black mambas
  2 ice statues (IceCv)
  Joseph (D:8)
  2 torpor snails
  11 spiny frogs
  3 rime drakes
  5 komodo dragons
  Grinder (D:5)
  3 dream sheep (Lair:5)
  6 hippogriffs
  Sigmund (D:2)
  3 wraiths (Lair:4)
  Grum (D:8)
  15 yaks
  A basilisk (Lair:2)
  2 steam dragons (D:9)
  2 hungry ghosts (D:9)
  Menkaure (D:5)
  Purgy (Sewer)
  13 water moccasins
  10 porcupines
  3 orc warriors
  25 ice beasts
  An eye of draining (D:9)
  3 phantoms
  15 wolves
  A necrophage (D:7)
  4 sky beasts
  2 ogres
  7 centaurs
  9 crocodiles
  A big kobold (D:9)
  12 bullfrogs
  Blork the orc (D:5)
  A gnoll sergeant (D:7)
  4 troll zombies (D:9)
  2 scorpions
  10 killer bees
  3 wights (D:8)
  A howler monkey (D:4)
  6 crimson imps
  A centaur zombie (D:9)
  2 orc priests
  5 hounds
  6 jellies
  A gnoll shaman (D:5)
  2 centaur skeletons
  9 orc wizards
  4 worker ants
  4 ogre zombies (D:9)
  A hound zombie (D:7)
  A hound skeleton (D:7)
  A howler monkey zombie (D:5)
  14 gnolls
  20 adders
  A shadow imp (D:5)
  6 oozes
  2 worms
  2 adder skeletons
  An adder zombie (D:8)
  3 dart slugs
  3 leopard geckos
  30 orcs
  7 giant cockroaches
  11 goblins
  7 hobgoblins
  12 jackals
  11 quokkas
  3 ball pythons
  14 bats
  5 frilled lizards
  4 goblin skeletons (D:9)
  6 goblin zombies (D:9)
  2 hobgoblin zombies (D:9)
  A jackal zombie (D:5)
  14 kobolds
  An orc skeleton (D:9)
  11 orc zombies (D:9)
  A quokka skeleton (D:8)
  9 rats
458 creatures vanquished.

Vanquished Creatures (others)
  2 fungi (Lair:1)
  5 plants
7 creatures vanquished.

Grand Total: 465 creatures vanquished

Notes
Turn   | Place    | Note
-------+----------+-------------------------------------------
     0 | D:1      | kae the Troll Monk began the quest for the Orb.
     0 | D:1      | Reached XP level 1. HP: 22/22 MP: 0/0
   257 | D:1      | Reached XP level 2. HP: 24/29 MP: 1/1
   938 | D:2      | Reached XP level 3. HP: 36/36 MP: 2/2
   941 | D:2      | Gained mutation: You occasionally shout uncontrollably at your foes. [potion of mutation]
   941 | D:2      | Gained mutation: You are robust. (+10% HP) [potion of mutation]
   980 | D:2      | Noticed Sigmund
   992 | D:2      | Killed Sigmund
   992 | D:2      | Reached skill level 4 in Unarmed Combat
   992 | D:2      | Reached XP level 4. HP: 43/49 MP: 3/3
   992 | D:2      | Reached XP level 5. HP: 51/58 MP: 4/4
  1030 | D:2      | Reached skill level 5 in Unarmed Combat
  1240 | D:2      | Reached XP level 6. HP: 63/67 MP: 5/5
  1303 | D:2      | Found a sacrificial altar of Ru.
  2294 | D:4      | Reached skill level 6 in Unarmed Combat
  2419 | D:4      | Found a staircase to the Ecumenical Temple.
  2429 | D:4      | Reached XP level 7. HP: 57/74 MP: 6/6
  2436 | Temple   | Entered the Ecumenical Temple
  2643 | Temple   | Became a worshipper of the Wu Jian Council
  2643 | Temple   | Reached * piety under Wu Jian
  2643 | Temple   | Reached ** piety under Wu Jian
  3036 | D:5      | Entered Level 5 of the Dungeon
  3058 | D:5      | Noticed Grinder
  3071 | D:5      | Killed Grinder
  3071 | D:5      | Reached skill level 7 in Unarmed Combat
  3083 | D:5      | Noticed Blork the orc
  3090 | D:5      | Killed Blork the orc
  3090 | D:5      | Reached XP level 8. HP: 82/86 MP: 7/7
  3297 | D:5      | Noticed Menkaure
  3301 | D:5      | Killed Menkaure
  3303 | D:5      | Reached skill level 8 in Unarmed Combat
  3623 | D:5      | Reached skill level 5 in Fighting
  3623 | D:5      | Reached skill level 5 in Dodging
  3684 | D:5      | Found a glowing drain.
  3691 | D:5      | Reached *** piety under Wu Jian
  3700 | Sewer    | Entered a sewer
  3704 | Sewer    | Noticed Purgy
  3724 | Sewer    | Killed Purgy
  4268 | D:6      | Reached XP level 9. HP: 85/96 MP: 8/8
  4286 | D:6      | Reached skill level 9 in Unarmed Combat
  4746 | D:7      | Reached **** piety under Wu Jian
  5044 | D:7      | Reached skill level 10 in Unarmed Combat
  5649 | D:8      | Reached XP level 10. HP: 101/109 MP: 9/9
  5990 | D:8      | Noticed Grum
  6003 | D:8      | HP: 5/109 [wolf[Grum] (7)]
  6011 | D:8      | Killed Grum
  6074 | D:8      | Noticed Joseph
  6080 | D:8      | Killed Joseph
  6080 | D:8      | Reached skill level 11 in Unarmed Combat
  6457 | D:8      | Noticed a two-headed ogre
  6472 | D:8      | Killed a two-headed ogre
  6852 | D:9      | Found a staircase to the Orcish Mines.
  6975 | D:9      | Reached ***** piety under Wu Jian
  7087 | D:9      | Reached skill level 12 in Unarmed Combat
  7308 | D:9      | Reached XP level 11. HP: 31/119 MP: 10/10
  7720 | D:9      | Found a staircase to the Lair.
  7830 | Lair:1   | Entered Level 1 of the Lair of Beasts
  7881 | Lair:1   | Found a frozen archway.
  8011 | Lair:1   | Noticed a four-headed hydra
  8068 | IceCv    | Entered an ice cave
  8695 | IceCv    | Reached skill level 13 in Unarmed Combat
  8812 | IceCv    | Noticed an ice dragon
  8824 | IceCv    | Killed an ice dragon
  8847 | IceCv    | Noticed an ice dragon
  8863 | IceCv    | Killed an ice dragon
  9779 | Lair:2   | Reached XP level 12. HP: 134/134 MP: 11/11
 10000 | Lair:2   | Noticed a catoblepas
 10001 | Lair:2   | Noticed Fannar
 10020 | Lair:2   | Killed Fannar
 10020 | Lair:2   | Reached skill level 14 in Unarmed Combat
 10027 | Lair:2   | Killed a catoblepas
 10158 | Lair:2   | Noticed a death yak
 10176 | Lair:2   | Killed a death yak
 10539 | Lair:2   | Found an opulent altar of Gozag.
 10915 | Lair:2   | Identified a scroll of acquirement
 10916 | Lair:2   | Got a crude copper ring
 10918 | Lair:2   | Identified the ring "Sobrotse" {EV+2 Str+4} (You acquired it on level 2 of the Lair of Beasts)
 11103 | Lair:3   | Found a staircase to the Snake Pit.
 11297 | Lair:3   | Noticed an eight-headed hydra
 11319 | Lair:3   | Killed a ten-headed hydra
 11319 | Lair:3   | Reached skill level 1 in Armour
 11795 | Lair:4   | Found a staircase to the Shoals.
 11797 | Lair:4   | Noticed a seven-headed hydra
 11811 | Lair:4   | Killed a ten-headed hydra
 11811 | Lair:4   | Reached skill level 15 in Unarmed Combat
 12032 | Lair:4   | Noticed an eight-headed hydra
 12040 | Lair:4   | Killed a ten-headed hydra
 12144 | Lair:4   | Noticed Josephine
 12154 | Lair:4   | Killed Josephine
 12187 | Lair:4   | Reached XP level 13. HP: 145/145 MP: 12/12
 12377 | Lair:4   | You fall through a shaft for 2 floors!
 12377 | Lair:6   | Entered Level 6 of the Lair of Beasts
 12623 | Lair:6   | Noticed Snorg
 12671 | Lair:5   | Reached skill level 10 in Fighting
 12671 | Lair:5   | Reached skill level 10 in Dodging
 13221 | Lair:5   | Found a viscous altar of Jiyva.
 13221 | Lair:5   | Found a staircase to the Slime Pits.
 13910 | Lair:5   | HP: 5/146 [death yak (19)]
 13911 | Lair:5   | HP: 2/146 [Snorg (4)]
 13919 | Lair:5   | Slain by Snorg

Vault maps used:
D:1:      kennysheep_arrival_seaside, st_stairs_6
D:2:      nicolae_ru_great_annihilating_truth, first_bread,
          kennysheep_generic_room_9, uniq_sigmund
D:3:      kennysheep_boxes
D:4:      minmay_temple_entry_butterflies
D:5:      portal_sewer_entry_d, minmay_misc_feat_four_crosses, uniq_menkaure,
          uniq_grinder, uniq_blork_the_orc
D:8:      hangedman_little_slice_of_home, uniq_joseph, uniq_grum
D:9:      cheibrodos_steamvent, david_lair_shrubbed, zombieorc2_lemuel
Temple:   minmay_crystal_snake_temple
Lair:1:   portal_ice_cave_entry_ice_beasts
Lair:2:   basic_altar, infiniplex_staircase_pool, minmay_lair_oklob_chamber,
          uniq_fannar
Lair:3:   guppyfry_snake_entry_garden, serial_bayou_pond_a
Lair:4:   minmay_shoals_entry_centaurs, minivault_26, lemuel_fruit_tree,
          uniq_josephine
Lair:5:   dpeg_slime_entry_enclosed_altar, st_stairs_7,
          cheibrodos_lair_reptile_den
Lair:6:   due_jungle_book, grunt_megastairs_2, uniq_snorg
Sewer:    kennysheep_door_sewer
IceCv:    ice_cave_small_dragons

Skill      XL: |  1  2  3  4  5  6  7  8  9 10 11 12 13 |
---------------+----------------------------------------+-----
Fighting       | 3 4 5 6 7 8 9 10 | 10.2
Dodging        | 3 4 5 6 7 8 9 10 | 10.2
Unarmed Combat | 4 5 6 7 8 10 12 13 15 | 15.9
Armour         | 2 3 |  3.8
Stealth        | |  1.0

Action                   |  1- 3 |  4- 6 |  7- 9 | 10-12 | 13-15 || total
-------------------------+-------+-------+-------+-------+-------++-------
Melee: Unarmed           |    78 |   144 |   351 |   664 |   178 ||  1415
       Punch             |     2 |     5 |    16 |    51 |    19 ||    93
Invok: Serpent's Lash    |       |       |       |    11 |     4 ||    15
Evoke: Wand              |       |       |       |     7 |     1 ||     8
  Use: Scroll            |     1 |     3 |    14 |    15 |     3 ||    36
       Potion            |     1 |     1 |       |     3 |     1 ||     6
 Stab: Sleeping          |     1 |     2 |     5 |     1 |       ||     9
       Paralysed         |       |     1 |       |       |       ||     1
       Petrified         |       |       |       |     1 |       ||     1
  Eat: Chunk             |     8 |    16 |    31 |    59 |    21 ||   135
Armor: Robe              |    34 |    48 |    73 |    26 |       ||   181
       Skin              |       |       |       |    26 |       ||    26
       Steam dragon scal |       |       |       |    30 |       ||    30
       Ice dragon scales |       |       |       |    75 |    62 ||   137
Dodge: Dodged            |    46 |    93 |   202 |   301 |   122 ||   764
Block: Other             |       |       |       |    24 |    15 ||    39

Table legend:
 A = Spawn XP
 B = Non-spawn XP
 C = Spawn XP percentage of total XP
 D = Spawn monster count
 E = Non-spawn monster count
 F = Spawn count percentage of total count
 G = Total turns spent on level
                    A         B        C        D         E        F      G
               +---------+---------+-------+---------+---------+-------+---------
         Total |       0 |   53882 |   0.0 |       0 |     458 |   0.0 | 13919
               +---------+---------+-------+---------+---------+-------+---------
           D:1 |       0 |      33 |   0.0 |       0 |      24 |   0.0 |   929
           D:2 |       0 |     426 |   0.0 |       0 |      30 |   0.0 |   758
           D:3 |       0 |     175 |   0.0 |       0 |      34 |   0.0 |   597
           D:4 |       0 |     452 |   0.0 |       0 |      17 |   0.0 |   524
           D:5 |       0 |    1227 |   0.0 |       0 |      29 |   0.0 |   924
           D:6 |       0 |    1366 |   0.0 |       0 |      31 |   0.0 |   547
           D:7 |       0 |    1202 |   0.0 |       0 |      29 |   0.0 |   815
           D:8 |       0 |    3121 |   0.0 |       0 |      41 |   0.0 |  1207
           D:9 |       0 |    3732 |   0.0 |       0 |      70 |   0.0 |  1138
        Lair:1 |       0 |    4077 |   0.0 |       0 |      28 |   0.0 |   879
        Lair:2 |       0 |    9056 |   0.0 |       0 |      31 |   0.0 |  1179
        Lair:3 |       0 |    3108 |   0.0 |       0 |       9 |   0.0 |   713
        Lair:4 |       0 |    5713 |   0.0 |       0 |      14 |   0.0 |   890
        Lair:5 |       0 |    8651 |   0.0 |       0 |      28 |   0.0 |  1085
        Lair:6 |       0 |    5916 |   0.0 |       0 |      17 |   0.0 |   276
         Sewer |       0 |     153 |   0.0 |       0 |       6 |   0.0 |   163
         IceCv |       0 |    5474 |   0.0 |       0 |      20 |   0.0 |  1067
               +---------+---------+-------+---------+---------+-------+---------
